 Dungeon Crawl Stone Soup version 0.27.0-1-g7a089689b8 (webtiles) character file.

Game seed: 8932004348198056704

555 fiver49 the Chopper (level 7, -2/61 HPs)
             Began as a Ghoul Arcane Marksman on Aug 4, 2021.
             Slain by Blork the orc (7 damage)
             ... on level 4 of the Dungeon.
             The game lasted 00:12:44 (5880 turns).

fiver49 the Chopper (Ghoul Arcane Marksman)         Turns: 5880, Time: 00:12:45

Health: -2/61      AC:  8    Str: 12 (16) XL:     7   Next: 30%
Magic:  7/7        EV:  9    Int:  7 (8)  God:
Gold:   143        SH:  2    Dex:  9 (11) Spells: 8/8 levels left

rFire    + . .     SeeInvis .   a - +0 war axe
rCold    + . .     Faith    .   g - +0 buckler
rNeg     + + +     Spirit   .   s - +2 ring mail {rF+}
rPois    ∞         Reflect  .   u - +0 helmet of Vock {rElec Dex+2 Stlth-}
rElec    +         Harm     .   (no cloak)
rCorr    .         Rampage  .   (no gloves)
Will     .....                  (no boots)
Stlth    ..........             (no amulet)
HPRegen  0.00/turn              (no ring)
MPRegen  0.10/turn              (no ring)

@: mighty, inhibited regen
A: claws 1, cold resistance 1, negative energy resistance 3, inhibited
regeneration, torment resistance 2
a: no special abilities


You were on level 4 of the Dungeon.
You visited 1 branch of the dungeon, and saw 5 of its levels.

You collected 143 gold pieces.

Inventory:

Hand Weapons
 a - a +0 war axe (weapon)
 d - a +0 club
 h - a +0 battleaxe
 t - the +2 hand axe of Tuessag {flame, +Blink +Rage Fly Str-4}
   (You found it on level 4 of the Dungeon)

   It burns those it strikes, dealing additional fire damage.
   Big, fiery blades are also staple armaments of hydra-hunters.
   Str:       It affects your strength (-4).
   Fly:       It grants you flight.
   +Blink:    It lets you blink.
   +Rage:     It lets you go berserk.
Missiles
 b - 4 javelins
 r - 7 poisoned darts (quivered)
Armour
 f - a +0 leather armour
 g - a +0 buckler (worn)
 i - a +0 helmet
 o - a +2 robe of fire resistance
 q - a +0 robe
 s - a +2 ring mail of fire resistance (worn)
 u - the +0 helmet of Vock (worn) {rElec Dex+2 Stlth-}
   (You found it on level 4 of the Dungeon)

   Dex:       It affects your dexterity (+2).
   rElec:     It insulates you from electricity.
   Stlth:     It makes you less stealthy.
 w - a +0 kite shield
Scrolls
 j - 2 scrolls of amnesia
 m - 2 scrolls of identify
 n - a scroll of enchant weapon
 v - a scroll of fog {unknown}
Potions
 e - a potion of degeneration


   Skills:
 - Level 5.0 Fighting
 + Level 5.3 Axes
 - Level 1.7 Throwing
 - Level 1.7 Dodging
 - Level 1.0 Spellcasting
 - Level 2.4 Hexes


You had 8 spell levels left.
You didn't know any spells.
Your spell library contained the following spells:

 Spells                   Type           Power      Damage    Failure   Level
 Corona                   Hex            3%         N/A       52%         1
 Slow                     Hex            3%         N/A       67%         2
 Apportation              Tloc           0%         N/A       85%         1
 Corpse Rot               Necr/Air       N/A        N/A       94%         2
 Passwall                 Tmut/Erth      0%         N/A       94%         2
 Poisonous Vapours        Pois/Air       0%         N/A       94%         2
 Inner Flame              Hex/Fire       2%         N/A       96%         3
 Portal Projectile        Hex/Tloc       4%         N/A       96%         3
 Swiftness                Air            0%         N/A       99%         3
 Cause Fear               Hex            1%         N/A       99%         4
 Alistair's Intoxication  Tmut/Pois      0%         N/A       100%        5
 Freezing Cloud           Conj/Ice/Air   0%         6-21      100%        5
 Invisibility             Hex            1%         N/A       100%        6


Dungeon Overview and Level Annotations

Branches:
Dungeon (5/15)
 Temple: D:4-7

Altars:
Cheibriados
Wu Jian
Zin

Annotations:
D:4 Blork the orc
D:5 Edmund, Sigmund


Innate Abilities, Weirdness & Mutations

You thrive by killing the living.
You are immune to poison.
You have sharp fingernails.
Your flesh is cold resistant. (rC+)
You are immune to negative energy. (rN+++)
You do not regenerate when monsters are visible.
You are immune to unholy pain and torment.


Message History

Blork the orc points at you and mumbles some strange words.
The puff of frost hits you. You resist.
Blork the orc struggles against the net.
Blork the orc struggles against the net.
Blork the orc struggles against the net.
Blork the orc screams, "I don't like you!"
Blork the orc struggles against the net. x2
The net rips apart, and Blork the orc comes free!
It was a potion of degeneration.
There was something very wrong with that liquid.
You feel weakened.
You feel dopey.
You feel clumsy.
Blork the orc gestures at you while chanting.
The magic dart hits you.
It was a potion of mutation.
You feel extremely strange.
Your body decomposes!
You feel weakened.
Your body decomposes!
You feel clumsy.
Your body decomposes!
You feel weakened. Blork the orc misses you.
It was a potion of curing.
You feel better. You block Blork the orc's attack.
You hit Blork the orc.
Blork the orc is severely wounded.
Blork the orc barely misses you. Blork the orc completely misses you.
You hit Blork the orc.
Blork the orc is almost dead.
Blork the orc hits you with a +0 dire flail.
Blork the orc miscasts a cantrip.
You hit Blork the orc but do no damage.
Blork the orc is almost dead.
Blork the orc hits you with a +0 dire flail!
* * * LOW HITPOINT WARNING * * *
Blork the orc hits you with a +0 dire flail!
* * * LOW HITPOINT WARNING * * *
It was a potion of might.
You feel very mighty all of a sudden.
Blork the orc looks encouraged for a moment.
Blork the orc hits you with a +0 dire flail!
You die...

#........# ##.#.#.#.#
#........# ##.#.#.#.#
##.#...##.#############
#####
#..###.##.............##
....# #.##
#.##############...
....# #.# #.o########
#### ....# #.#
##@.......#### ## ....#
#.# ########....### #.
....# #o# ####...###.
.#### ##.# ###.##.. .#
#..# #.##.. .## #)##
###...(. ..# #># #####
#....... ..# #)#
#...#####.####.. ..##
###.# #.........# ##.


You could see Blork the orc (fast).

Vanquished Creatures
  An ogre (D:4)
  A water moccasin skeleton (D:4)
  A jelly (D:3)
  An orc priest (D:3)
  A bullfrog skeleton (D:5)
  Jessica (D:2)
  An iguana (D:4)
  3 orc wizards
  5 gnolls
  7 adders
  A shadow imp (D:4)
  An adder skeleton (D:4)
  A worm (D:3)
  6 dart slugs
  4 orcs (D:4)
  8 bats
  4 endoplasms
  6 giant cockroaches
  6 goblins
  5 hobgoblins
  2 jackals (D:3)
  7 quokkas
  5 ball pythons
  A frilled lizard (D:2)
  5 kobolds
  4 rats
88 creatures vanquished.

Vanquished Creatures (others)
  2 plants (D:3)
2 creatures vanquished.

Grand Total: 90 creatures vanquished

Notes
Turn   | Place    | Note
-------+----------+-------------------------------------------
     0 | D:1      | fiver49 the Ghoul Arcane Marksman began the quest for the
                  | Orb.
     0 | D:1      | Reached XP level 1. HP: 16/16 MP: 1/1
   184 | D:1      | Reached XP level 2. HP: 19/24 MP: 2/2
   238 | D:1      | Found a faded altar of an unknown god.
   801 | D:1      | Reached XP level 3. HP: 28/31 MP: 3/3
  1508 | D:2      | Reached XP level 4. HP: 19/40 MP: 4/4
  2104 | D:2      | Noticed Jessica
  2111 | D:2      | Killed Jessica
  2972 | D:2      | Reached skill level 5 in Fighting
  2972 | D:2      | Reached XP level 5. HP: 45/48 MP: 5/5
  3028 | D:2      | Reached skill level 1 in Axes
  3741 | D:3      | You fall into a shaft and drop 2 floors!
  3741 | D:5      | Entered Level 5 of the Dungeon
  3742 | D:5      | Noticed Blork the orc
  3743 | D:5      | Noticed Sigmund
  3748 | D:5      | Noticed Edmund
  3807 | D:4      | Found a snail-covered altar of Cheibriados.
  3827 | D:4      | Identified the +2 hand axe of Tuessag {flame, +Blink +Rage
                  | Fly Str-4}
  3829 | D:4      | Identified the +0 helmet of Vock {rElec Dex+2 Stlth-}
  3878 | D:3      | Reached XP level 6. HP: 27/56 MP: 6/6
  4539 | D:4      | Found an ornate altar of the Wu Jian Council.
  5286 | D:4      | Reached XP level 7. HP: 55/61 MP: 7/7
  5586 | D:4      | Reached skill level 5 in Axes
  5880 | D:4      | Slain by Blork the orc

Illustrated notes

Levels and vault maps discovered:
D:1:      dpeg_arrival_subterranean_lakeside_camping, layout_basic,
          ebering_ecumenical_altar_webs
D:2:      layout_basic, solitary_fountain, uniq_jessica
D:3:      layout_basic, mainiacjoe_overflow_brackets, serial_bayou_pond_a,
          st_stairs_9, minmay_misc_feat_rugged
D:4:      layout_rooms, mainiacjoe_overflow_cross_hatched, cheibriados_altar_1,
          st_stairs_8, dk_noncrumbling_4
D:5:      gammafunk_wand_slinger, layout_rooms, serial_rivers,
          chequers_serial_rivers_small_b, chequers_serial_rivers_small_3,
          chequers_serial_rivers_small_3, chequers_serial_rivers_small_b,
          st_stairs_12, uniq_sigmund, uniq_edmund, uniq_blork_the_orc

Skill      XL: |  1  2  3  4  5  6  7 |
---------------+----------------------+-----
Fighting       | 2 3 4 5 |  5.0
Axes           | 3 4 5 |  5.3
Throwing       | |  1.7
Dodging        | |  1.7
Spellcasting   | |  1.0
Hexes          | |  2.4

Action                   |  1- 3 |  4- 6 |  7- 9 || total
-------------------------+-------+-------+-------++-------
Melee: Club              |   146 |    86 |       ||   232
       Unarmed           |     1 |       |       ||     1
       War axe           |       |   124 |    44 ||   168
Throw: Javelin           |    22 |     5 |       ||    27
       Dart              |       |    25 |     9 ||    34
       Throwing net      |       |       |     2 ||     2
  Use: Scroll            |       |     2 |       ||     2
       Potion            |       |       |     4 ||     4
 Stab: Sleeping          |       |     1 |       ||     1
Armor: Robe              |    16 |    47 |       ||    63
       Leather armour    |    39 |    20 |       ||    59
       Ring mail         |       |    27 |    19 ||    46
Dodge: Dodged            |   130 |   147 |    25 ||   302
Block: Buckler           |     7 |    21 |    11 ||    39
